 Dungeon Crawl Stone Soup version 0.22-a0-425-g89d60a1 (webtiles) character file.

350 KristoblXynda the Slasher (level 6, -1/51 HPs)
             Began as a Draconian Fighter on May 24, 2018.
             Slain by an ogre
             ... wielding a +0 giant spiked club
              (21 damage)
             ... on level 4 of the Dungeon.
             The game lasted 00:08:10 (3444 turns).

KristoblXynda the Slasher (Draconian Fighter)       Turns: 3444, Time: 00:08:11

Health: -1/51      AC:  7    Str: 18    XL:     6   Next: 33%
Magic:  15/15      EV: 11    Int: 10    God:
Gold:   241        SH:  9    Dex: 11    Spells: 5/5 levels left

rFire    . . .     SeeInvis .   a - +0 long sword
rCold    + . .     Gourm    .   b - +0 shield
rNeg     . . .     Faith    .   (armour unavailable)
rPois    .         Spirit   .   (helmet restricted)
rElec    .         Reflect  .   p - +0 cloak
rCorr    .         Harm     .   (no gloves)
MR       .....                  (no boots)
Stlth    +.........             (no amulet)
HPRegen  0.17/turn              s - ring of protection from cold
MPRegen  0.14/turn              n - ring of magical power

@: no status effects
A: unfitting armour, cold-blooded, AC +6
a: no special abilities


You were on level 4 of the Dungeon.
You were not hungry.

You visited 1 branch of the dungeon, and saw 4 of its levels.

You collected 241 gold pieces.

Inventory:

Hand Weapons
 a - a +0 long sword (weapon)
Armour
 b - a +0 shield (worn)
 p - a +0 cloak (worn)
Jewellery
 e - a +4 ring of protection {unknown}
 n - a ring of magical power (right hand)
 s - a ring of protection from cold (left hand)
Scrolls
 f - a scroll of fog
 g - a scroll of random uselessness {unknown}
 i - 2 scrolls of teleportation
 j - a scroll of immolation {unknown}
 k - 4 scrolls of remove curse
 m - a scroll of identify
Potions
 c - 2 potions of might
 h - 2 potions of ambrosia
 l - 2 potions of magic
 q - 2 potions of heal wounds
 r - a potion of lignification
 t - a potion of agility {unknown}
Comestibles
 d - 4 rations


   Skills:
 - Level 3.2 Fighting
 * Level 5.0 Long Blades
 + Level 4.0 Dodging
 + Level 4.3 Shields


You had 5 spell levels left.
You didn't know any spells.
Your spell library was empty.

Dungeon Overview and Level Annotations

Branches:
Dungeon (4/15)
 Temple: D:4-7

Altars:
Trog


Innate Abilities, Weirdness & Mutations

Your plain brown scales are hard. (AC +6)
You cannot fit into any form of body armour.
You are cold-blooded and may be slowed by cold attacks.


Message History

The orc wizard gestures wildly while chanting.
The orc wizard seems to speed up.
You barely miss the ogre.
The ogre is lightly wounded.
You block the ogre's attack.
You barely miss the ogre.
Your tail-slap misses the ogre.
The ogre is lightly wounded.
The ogre hits you with a giant spiked club!
You hit the ogre.
Your tail-slap misses the ogre.
The ogre is moderately wounded.
The ogre hits you with a giant spiked club!
You slash the ogre!
The ogre is severely wounded.
You hit the ogre.
Your tail-slap misses the ogre.
The ogre is almost dead.
You block the ogre's attack.
You barely miss the ogre.
The ogre is almost dead.
The ogre hits you with a giant spiked club!!
You die...

.#.............##...o..#
#######.####.#.##..!...#.
........####.#..#.....%..
#####.....##.##.#......##
#.....##.##.$........
#.....##.###o..O.ยง.#
#.....##.# #o###.....
#.....##.# #O# #.##
#.....##.# #@# #
##.....##.###.#
#......'....#.# ###
#......##.#.#.# #..
#......##.#.#.. ###
#......##.#.##. #..
#......##.#.# . #.#
#.#######...##.# #.# #.
##### .# #.#


You could see an ogre, an orc wizard and an orc.

Vanquished Creatures
  An ogre (D:4)
  A scorpion (D:2)
  A hound (D:4)
  Crazy Yiuf (D:2)
  An orc wizard (D:3)
  Robin (D:3)
  2 adders (D:3)
  An ooze (D:3)
  An adder skeleton (D:4)
  A worm (D:2)
  A dart slug (D:2)
  2 leopard geckos
  8 orcs
  A ball python (D:2)
  7 bats
  4 giant cockroaches
  19 goblins
  9 hobgoblins
  2 jackals (D:3)
  A quokka (D:3)
  5 frilled lizards
  3 kobolds
  7 rats
80 creatures vanquished.

Vanquished Creatures (others)
  A goblin (D:3)
1 creature vanquished.

Grand Total: 81 creatures vanquished

Notes
Turn   | Place    | Note
-------+----------+-------------------------------------------
     0 | D:1      | KristoblXynda the Draconian Fighter began the quest for the Orb.
     0 | D:1      | Reached XP level 1. HP: 19/19 MP: 1/1
   342 | D:1      | Reached XP level 2. HP: 26/26 MP: 2/2
   860 | D:2      | Noticed a scorpion
   870 | D:2      | Killed a scorpion
   870 | D:2      | Reached skill level 3 in Long Blades
   870 | D:2      | Reached XP level 3. HP: 13/31 MP: 3/3
  1116 | D:2      | Reached XP level 4. HP: 33/38 MP: 4/4
  1359 | D:2      | Found a runed door.
  1646 | D:2      | Noticed Crazy Yiuf
  1656 | D:2      | Killed Crazy Yiuf
  1891 | D:3      | Found a bloodstained altar of Trog.
  2039 | D:3      | Noticed Robin
  2324 | D:3      | Killed Robin
  2324 | D:3      | Reached skill level 4 in Long Blades
  2324 | D:3      | Reached XP level 5. HP: 41/45 MP: 5/5
  2962 | D:4      | Noticed an ogre
  2971 | D:4      | Killed an ogre
  2971 | D:4      | Reached XP level 6. HP: 44/51 MP: 6/6
  3227 | D:4      | Reached skill level 5 in Long Blades
  3444 | D:4      | Slain by an ogre

Vault maps used:
D:1:      lightli_arrival_chessboard
D:2:      uniq_crazy_yiuf_cottage
D:3:      trog_hazing_becter, uniq_robin
D:4:      first_ration

Skill      XL: |  1  2  3  4  5  6 |
---------------+-------------------+-----
Long Blades    | 3 4 5 |  5.0
Dodging        | 3 4 |  4.0
Shields        | 4 |  4.3
Fighting       | |  3.2

Action                   |  1- 3 |  4- 6 || total
-------------------------+-------+-------++-------
Melee: Long sword        |    75 |   214 ||   289
       Tailslap          |     8 |    16 ||    24
  Use: Potion            |     1 |     2 ||     3
       Scroll            |       |     9 ||     9
 Stab: Invisible         |       |     1 ||     1
  Eat: Chunk             |     1 |     3 ||     4
       Ration            |       |     2 ||     2
Armor: Skin              |    40 |    61 ||   101
Dodge: Dodged            |    34 |   122 ||   156
Block: Shield            |    62 |    96 ||   158
       Rpst.: Long sword |     9 |    36 ||    45

Table legend:
 A = Spawn XP
 B = Non-spawn XP
 C = Spawn XP percentage of total XP
 D = Spawn monster count
 E = Non-spawn monster count
 F = Spawn count percentage of total count
 G = Total turns spent on level
                    A         B        C        D         E        F      G
               +---------+---------+-------+---------+---------+-------+---------
         Total |       0 |     500 |   0.0 |       0 |      80 |   0.0 |  3444
               +---------+---------+-------+---------+---------+-------+---------
           D:1 |       0 |      20 |   0.0 |       0 |      13 |   0.0 |   828
           D:2 |       0 |     139 |   0.0 |       0 |      19 |   0.0 |   901
           D:3 |       0 |     169 |   0.0 |       0 |      44 |   0.0 |  1298
           D:4 |       0 |     172 |   0.0 |       0 |       4 |   0.0 |   417
               +---------+---------+-------+---------+---------+-------+---------
